 Dungeon Crawl Stone Soup version 0.31-a0-983-g7b6862f502 (webtiles) character file.

Game seed: 4897658686442820302

2771 Daxter0 the Thaumaturge (level 10, -7/7 HPs)
             Began as a Meteoran Earth Elementalist on Nov 2, 2023.
             Was an Initiate of Gozag.
             Mangled by an orc warrior
             ... wielding a +0 battleaxe
              (14 damage)
             ... on level 7 of the Dungeon.
             The game lasted 00:16:46 (3433 turns).

Daxter0 the Thaumaturge (MeEE)                      Turns: 3433, Time: 00:16:48

Health: -7/7       AC:  5    Str:  9    XL:     10   Next: 20%
Magic:  25/25      EV:  6    Int: 22    God:    Gozag
Gold:   698        SH:  0    Dex: 15    Spells: 26/29 levels left

rFire   . .          .
                       - Unarmed
rCold   . . .        (shield currently unavailable)
rNeg    . . .        s - +0 chain mail
rPois   .            (no helmet)
rElec   .            (no cloak)
rCorr   .            (gloves currently unavailable)
SInv    .            (no boots)
Will    +....        y - amulet of magic regeneration Stlth
                     r - +4 ring of protection
HPRegen 0.21/turn    (no ring)
MPRegen 0.59/turn

%: no passive effects
@: blade hands, glowing
A: reduced hp, sense surroundings 2, otherworldly, glowing, explore regen
a: Begin Untransformation, Renounce Religion, Potion Petition, Call Merchant,
Bribe Branch


You were on level 7 of the Dungeon.
You worshipped Gozag.
Gozag was pleased with you.
You had blades for hands.
You visited 1 branch of the dungeon, and saw 7 of its levels.

You collected 752 gold pieces.
You paid 54 gold pieces to Gozag.

Inventory:

Missiles
 c - 3 javelins (quivered)
 m - a throwing net
Armour
 a - a +0 robe
 i - a +0 ring mail
 s - a +0 chain mail (worn)
Jewellery
 r - a +4 ring of protection (left blade hand)
 y - an amulet of magic regeneration (around neck)
Talismans
 z - a blade talisman (active)
Wands
 p - a wand of charming (4)
Scrolls
 e - 4 scrolls of identify {unknown}
 f - a scroll of fear {unknown}
 k - a scroll of vulnerability {unknown}
 n - a scroll of amnesia {unknown}
 o - 3 scrolls of poison {unknown}
 t - a scroll of revelation {unknown}
 v - a scroll of enchant armour {unknown}
 w - a scroll of teleportation {unknown}
Potions
 b - 2 potions of magic
 d - 3 potions of degeneration {unknown}
 g - 4 potions of attraction {unknown}
 h - 4 potions of enlightenment {unknown}
 j - 2 potions of haste {unknown}
 l - a potion of invisibility {unknown}
 q - a potion of curing {unknown}
 u - a potion of might {unknown}
 x - a potion of mutation {unknown}


   Skills:
 + Level 3.1 Fighting
 + Level 4.1 Armour
 + Level 3.6 Dodging
 + Level 1.7 Stealth
 + Level 2.0 Unarmed Combat
 + Level 10.3 Spellcasting
 + Level 1.3 Transmutations
 + Level 10.0 Earth Magic


You had 26 spell levels left.
You knew the following spells:

 Your Spells              Type           Power      Damage    Failure   Level
a - Sandblast             Erth           100%       2d20      4%          1
b - Passwall              Tmut/Erth      30%        N/A       36%         2

Your spell library contained the following spells:

 Spells                   Type           Power      Damage    Failure   Level
 Stone Arrow              Conj/Erth      66%        3d11      71%         3
 Freeze                   Ice            44%        1d6       95%         1
 Necrotise                Necr           44%        1d6       95%         1
 Shock                    Conj/Air       44%        1d5       95%         1
 Petrify                  Tmut/Erth      36%        N/A       95%         4
 Brom's Barrelling Bould  Conj/Erth      33%        2d5       98%         4
 Blink                    Tloc           22%        N/A       99%         2
 Lesser Beckoning         Tloc           22%        N/A       99%         2
 Momentum Strike          Conj/Tloc      22%        3d8       99%         2
 Tukima's Dance           Hex            11%        N/A       100%        3
 Dimensional Bullseye     Hex/Tloc       5%         N/A       100%        4
 Iskenderun's Mystic Bla  Conj/Tloc      11%        2d4       100%        4


Dungeon Overview and Level Annotations

Branches:
Dungeon (7/15) Zot: 645
 Temple: D:4-7

Altars:
Gozag
Sif Muna
Xom


Innate Abilities, Weirdness & Mutations

You have blades for hands.
Your maximum health is decreased, since you lack skill for your form.
You are incapable of wielding weapons or throwing items.
You passively map the area around you.
You are easily found by Zot.
You glow in the dark.
You regain HP and MP as you explore.


Message History

You finish putting on your amulet of magic regeneration.
y - an amulet of magic regeneration (around neck)
You begin transforming.
You continue transforming. x3
Your hands turn into razor-sharp scythe blades.
HP restored.
You now have 680 gold pieces (gained 13).
You now have 698 gold pieces (gained 18).
You open the door.
Found a scroll labelled RET OGEAST.
Found a scroll labelled APTIAPH IMUT.
There is an open door here.
Casting: Sandblast (safe; 4% risk of failure)
Confirm with . or Enter, or press ? or * to list all spells.
You can't see any susceptible monsters within range! (Use Z to cast anyway.)
A white imp comes into view.
Found a hand axe.
The white imp shouts, "Escape, thou mammering crook-pated minnow reeky!"
The white imp moves out of view.
An orc warrior comes into view. It is wielding a +0 battleaxe.
Casting: Sandblast (safe; 4% risk of failure)
Confirm with . or Enter, or press ? or * to list all spells.
Aiming: Sandblast (safe; 4% risk of failure)
Press: ? - help, Shift-Dir - straight line, f - orc warrior
Aim: an orc warrior, wielding a +0 battleaxe and wearing a +0 plate armour (85% to hit)
The blast of sand misses the orc warrior.
Casting: Sandblast (safe; 4% risk of failure)
Confirm with . or Enter, or press ? or * to list all spells.
Aiming: Sandblast (safe; 4% risk of failure)
Press: ? - help, Shift-Dir - straight line, f/p - orc warrior
Aim: an orc warrior, wielding a +0 battleaxe and wearing a +0 plate armour (85% to hit)
The blast of sand hits the orc warrior but does no damage.
An orc comes into view. It is wielding a +0 dagger.
The orc warrior barely misses you.
The orc shouts!
You hit the orc warrior but do no damage.
You hear a shout! x3; You hear a bark!
The orc warrior hits you with a +0 battleaxe!
Ouch! That really hurt!
You die...
Your body crumbles into a pile of gold.

,, , ,, * , ,
,...,,, , , , ,
,.. ,, . , , *
..# , ..* * ,, *
..*** ...* ,
,#.* ,.... ** ,
.+##... , *
,#####?..#, , ,
,#...#@# , , * ,
#...'o####..., *
* #...#5o..5..)
* ,
#####...#....,**
* , ', .+##.?...
* , * ,..
*....., , , * ,
... .... * ...#
, #.# .... , ,
.#


You could see an orc warrior, a white imp and an orc.

Vanquished Creatures
  Grinder (D:4)
  6 yaks (D:6)
  A wraith (D:6)
  Eustachio (D:6)
  2 ice beasts
  2 black bears (D:6)
  An ogre (D:5)
  A gnoll sergeant (D:6)
  Blork the orc (D:4)
  2 scorpions
  A wight (D:6)
  An electric eel (D:6)
  2 hounds
  5 jellies
  4 iguanas
  An orc wizard (D:6)
  Robin (D:4)
  9 gnolls
  7 adders
  3 shadow imps
  A white imp (D:6)
  8 ufetubi
  A worm (D:5)
  2 dart slugs
  12 orcs
  6 endoplasms
  2 giant cockroaches
  9 hobgoblins
  8 jackals
  3 kobolds
  3 quokkas
  3 ball pythons
  7 bats
  2 frilled lizards
  13 goblins
  4 rats
136 creatures vanquished.

Notes
Turn   | Place    | Note
-------+----------+-------------------------------------------
     0 | D:1      | Daxter0 the Meteoran Earth Elementalist began the quest for
                  | the Orb.
     0 | D:1      | Reached XP level 1. HP: 14/14 MP: 5/5
    41 | D:1      | Reached XP level 2. HP: 20/20 MP: 4/6
   124 | D:1      | Reached skill level 1 in Fighting
   202 | D:1      | Reached XP level 3. HP: 28/28 MP: 6/8
   488 | D:1      | Glimpsed the power of Zot.
   835 | D:2      | Reached XP level 4. HP: 35/35 MP: 7/10
  1068 | D:2      | Reached XP level 5. HP: 40/40 MP: 9/12
  1075 | D:2      | Glimpsed the power of Zot.
  1125 | D:2      | Glimpsed the power of Zot.
  1248 | D:3      | Reached skill level 1 in Armour
  1281 | D:3      | Learned a level 2 spell: Passwall
  1358 | D:3      | Reached skill level 5 in Spellcasting
  1358 | D:3      | HP: 1/40 [frozen (3)]
  1395 | D:3      | Reached XP level 6. HP: 15/47 MP: 11/14
  1657 | D:3      | Glimpsed the power of Zot.
  1735 | D:4      | Noticed Grinder
  1742 | D:4      | Killed Grinder
  1743 | D:4      | Reached skill level 5 in Earth Magic
  1743 | D:4      | Reached XP level 7. HP: 35/52 MP: 9/17
  1858 | D:4      | Noticed Robin
  1866 | D:4      | Killed Robin
  1921 | D:4      | Noticed Blork the orc
  1924 | D:4      | Killed Blork the orc
  1997 | D:4      | Found an opulent altar of Gozag.
  2034 | D:4      | Became a worshipper of Gozag Ym Sagoz the Greedy
  2239 | D:4      | Glimpsed the power of Zot.
  2269 | D:5      | Entered Level 5 of the Dungeon
  2691 | D:5      | Reached XP level 8. HP: 59/59 MP: 16/18
  2708 | D:5      | Found a shimmering altar of Xom.
  2818 | D:5      | Glimpsed the power of Zot.
  2826 | D:6      | Identified the "Qamm"
  2826 | D:6      | Identified the "Noehes"
  2826 | D:6      | Identified the "Itus"
  2826 | D:6      | Noticed a yak
  2831 | D:6      | Killed a yak
  2831 | D:6      | Noticed a yak
  2833 | D:6      | Noticed a yak
  2835 | D:6      | Killed a yak
  2835 | D:6      | Noticed a yak
  2836 | D:6      | Gained mutation: You passively map the area around you.
                  | [Meteoran growth]
  2836 | D:6      | Reached XP level 9. HP: 56/67 MP: 13/22
  2842 | D:6      | Reached skill level 1 in Unarmed Combat
  2989 | D:6      | Noticed Eustachio
  2996 | D:6      | Killed Eustachio
  3034 | D:6      | Reached XP level 10. HP: 74/75 MP: 21/24
  3065 | D:6      | Found a shimmering blue altar of Sif Muna.
  3118 | D:6      | Reached skill level 10 in Spellcasting
  3263 | D:6      | Reached skill level 10 in Earth Magic
  3381 | D:6      | Glimpsed the power of Zot.
  3433 | D:7      | Mangled by an orc warrior

Illustrated notes

Levels and vault maps discovered:
D:1:      roderic_chinese_lattice_arrival, layout_loops_ring, hex_medium
D:2:      layout_loops_cross, kennysheep_decorative_pillar
D:3:      layout_basic, dk_xom_monty_hall, st_stairs_11,
          minmay_stone_trees_medium
D:4:      layout_loops_cross, nicolae_gozag_seed_capital,
          biasface_ghost_orc_armoury, uniq_blork_the_orc, uniq_robin,
          uniq_grinder
D:5:      corexii_shack_village, layout_layer_cave,
          nicolae_elyvilon_temple_path, minmay_temple_entry_trees,
          minmay_ruined_shrine, uniq_menkaure
D:6:      layout_rooms, pdpol_wu_jian_five_deadly_venoms,
          nicolae_sif_muna_little_library, nicolae_lava_and_water,
          nzn_random_ring, uniq_eustachio
D:7:      layout_basic, cheibriados_altar_1, minmay_fractal_squares_diagonal_5

Skill      XL: |  1  2  3  4  5  6  7  8  9 10 |
---------------+-------------------------------+-----
Fighting       | 1 2 3 |  3.1
Spellcasting   | 3 4 5 6 8 9 10 | 10.3
Earth Magic    | 4 5 6 8 9 10 | 10.0
Armour         | 1 2 3 4 |  4.1
Dodging        | 3 |  3.6
Unarmed Combat | 1 2 |  2.0
Stealth        | |  1.7
Transmutations | |  1.3

Action                     |  1- 3 |  4- 6 |  7- 9 | 10-12 || total
---------------------------+-------+-------+-------+-------++-------
  Melee: Unarmed           |     9 |    17 |    14 |    23 ||    63
  Throw: Javelin           |       |     1 |       |       ||     1
   Cast: Sandblast         |    37 |    56 |   121 |    26 ||   240
         Passwall          |       |       |       |     2 ||     2
  Evoke: Wand              |       |       |       |     1 ||     1
 Armour: Robe              |     7 |       |       |       ||     7
         Ring mail         |    10 |    32 |    27 |       ||    69
         Chain mail        |       |       |   107 |    58 ||   165
  Dodge: Dodged            |    20 |    22 |    71 |    15 ||   128
   Form: Blade             |       |       |       |     1 ||     1

Table legend: (Time is in decaauts)
 A = Elapsed time spent in this place.
 B = Non-inter-level travel time spent in this place.
 C = Inter-level travel time spent in this place.
 D = Time resting spent in this place.
 E = Time spent auto-exploring this place.
 F = Levels seen in this place.
 G = Mean time per level.
                   A        B        C        D        E       F      G
               +--------+--------+--------+--------+--------+-----+--------+
         Total |   3553 |   3401 |    152 |    490 |   1763 |   7 |  507.6 |
       Dungeon |   3553 |   3401 |    152 |    490 |   1763 |   7 |  507.6 |
               +--------+--------+--------+--------+--------+-----+--------+

Top non-repeatable levels by time:
     D:2: 682 daAuts
     D:6: 618 daAuts
     D:4: 597 daAuts
     D:5: 578 daAuts
     D:3: 525 daAuts
     D:1: 523 daAuts
     D:7: 27 daAuts
